 Dungeon Crawl Stone Soup version 0.26.1-2-gb8aa6d0cf2 (webtiles) character file.

Game seed: 13252248498675186697

9729 Gadfly the Chucker (level 11, 0/165 HPs)
             Began as an Ogre Monk on Feb 13, 2021.
             Was a High Priest of Okawaru.
             Slain by a death yak (12 damage)
             ... on level 10 of the Dungeon.
             The game lasted 00:24:32 (19814 turns).

Gadfly the Chucker (Ogre Monk)                     Turns: 19814, Time: 00:24:32

Health: 0/165      AC: 36    Str: 20    XL:     11   Next: 51%
Magic:  0/25       EV:  1    Int: 11    God:    Okawaru [*****.]
Gold:   545        SH:  0    Dex: 11    Spells: 10/10 levels left

rFire    . . .     SeeInvis .   a - +1 morningstar (protect)
rCold    . . .     Faith    .   (no shield)
rNeg     + + +     Spirit   +   (armour currently unavailable)
rPois    +         Reflect  .   (helmet currently unavailable)
rElec    .         Harm     .   (cloak currently unavailable)
rCorr    .         Rampage  .   (gloves unavailable)
Will     +....     NoTele   +   (boots unavailable)
Stlth    +++.......             g - amulet of guardian spirit
HPRegen  0.37/turn              l - +4 ring of protection
MPRegen  0.19/turn              e - ring of magical power

@: tree-form (expiring), heroism, protection aura
A: large, unfitting armour
a: Renounce Religion, Heroism, Finesse


You were on level 10 of the Dungeon.
You worshipped Okawaru.
Okawaru was extremely pleased with you.
You were a tree.
You visited 1 branch of the dungeon, and saw 11 of its levels.
You also visited: Sewer.

You collected 775 gold pieces.
You spent 230 gold pieces at shops.

Inventory:

Hand Weapons
 a - a +1 morningstar of protection (weapon)
 b - a +2 flail of holy wrath
 o - the +1 short sword "Wixkoqu" {vorpal, rPois MP-9 Str+6 Stlth+}
   (You found it on level 5 of the Dungeon)

   It inflicts extra damage upon your enemies.
   It affects your strength (+6).
   It protects you from poison.
   It affects your magic capacity (-9).
   It makes you more stealthy.
 y - a +3 morningstar
Missiles
 c - 6 large rocks
 d - a throwing net
 r - 10 boomerangs of dispersal
 D - 10 boomerangs (quivered)
Armour
 n - a +2 robe of fire resistance (melded)
Jewellery
 e - a ring of magical power (right branch)
 g - an amulet of guardian spirit (around neck)
 l - a +4 ring of protection (left branch)
 A - an uncursed amulet of reflection
Wands
 z - a wand of enslavement (8)
 C - a wand of iceblast (2)
 F - a wand of digging (6)
Scrolls
 f - 2 scrolls of enchant armour
 m - a scroll of blinking
 s - 6 scrolls of identify
 u - 5 scrolls of magic mapping
 v - 2 scrolls of fog
 x - a scroll of remove curse
Potions
 h - a potion of mutation
 i - a potion of lignification
 j - 3 potions of cancellation
 t - 11 potions of curing
 w - a potion of attraction
 B - a potion of haste


   Skills:
 + Level 7.7(12.7) Fighting
 * Level 7.9(12.9) Maces & Flails
 + Level 7.9(12.9) Throwing
 * Level 6.8(11.8) Armour
 - Level 2.6(7.6) Dodging
 - Level 1.4(6.4) Stealth
 + Level 7.6 Invocations
 * Level 6.9 Evocations


You had 10 spell levels left.
You didn't know any spells.
Your spell library contained the following spells:

 Spells                   Type           Power        Failure   Level
 Animate Skeleton         Necr           0%           34%         1
 Corona                   Hex            0%           34%         1
 Pain                     Necr           0%           34%         1
 Sandblast                Erth           0%           34%         1
 Sting                    Tmut/Pois      0%           34%         1
 Ensorcelled Hibernation  Hex/Ice        0%           47%         2
 Passwall                 Tmut/Erth      0%           47%         2
 Poisonous Vapours        Pois/Air       0%           47%         2
 Slow                     Hex            0%           47%         2
 Confusing Touch          Hex            0%           71%         3
 Conjure Flame            Conj/Fire      0%           71%         3
 Dazzling Flash           Conj/Hex       0%           71%         3
 Ignite Poison            Fire/Tmut/Pois 0%           71%         3
 Inner Flame              Hex/Fire       0%           71%         3
 Mephitic Cloud           Conj/Pois/Air  0%           71%         3
 Portal Projectile        Hex/Tloc       0%           71%         3
 Stone Arrow              Conj/Erth      0%           71%         3
 Tukima's Dance           Hex            0%           71%         3
 Vampiric Draining        Necr           0%           71%         3
 Animate Dead             Necr           0%           98%         4
 Cause Fear               Hex            0%           98%         4
 Leda's Liquefaction      Hex/Erth       0%           98%         4
 Olgreb's Toxic Radiance  Pois           0%           98%         4
 Petrify                  Tmut/Erth      0%           98%         4
 Agony                    Necr           0%           100%        5
 Lee's Rapid Deconstruct  Erth           0%           100%        5
 Freezing Cloud           Conj/Ice/Air   0%           100%        6


Dungeon Overview and Level Annotations

Branches:
Dungeon (11/15)            Temple (0/1) D:5            Lair (0/6) D:11
    Orc (0/2) D:10          Sewer (visited)

Altars:
Ashenzari
Elyvilon
Gozag
Makhleb
Nemelex Xobeh
Okawaru
Trog
Xom
Yredelemnul
The Shining One

Shops:
D:5 }=(*=   D:8 (


Innate Abilities, Weirdness & Mutations

You are too large for most types of armour.
((You have tough skin. (AC +1)))


Message History

The death yak is heavily wounded.
The death yak gores you but does no damage.
The death yak gores you.
* * * LOW HITPOINT WARNING * * *
You impale the death yak!!
The death yak is severely wounded.
The death yak gores you.
* * * LOW HITPOINT WARNING * * *
The death yak gores you but does no damage.
You feel better.
The death yak gores you but does no damage. x2
You hit the death yak.
The death yak is severely wounded.
The death yak gores you but does no damage.
The death yak gores you!
* * * LOW HITPOINT WARNING * * *
You puncture the death yak!
The death yak is almost dead.
The death yak gores you!
You die...

.....#.................#
.....#.................#
.....#....##....##.....#
.....#....####'###.....#
.....#.....#...........#
.....#.....+...........#
.....#....########.....#
.....#....##....##.....#
.....#..........♣#.....#
.....#..........YY.....#
.....#....#####'##.†...#
.....#....##..>.##.....#
.....#.................#
.....#.................#
.....#.................#
.....#######....##.....#
.....#...###....##.....#


You could see 2 death yaks.

Vanquished Creatures
  A hydra (D:9)
  A death yak (D:9)
  4 yaks
  Menkaure (D:7)
  4 orc warriors
  An ice beast (D:5)
  3 phantoms
  5 sky beasts
  2 black bears
  An eye of draining (D:9)
  A necrophage (D:8)
  4 ogres
  2 centaurs
  2 big kobolds
  5 bullfrogs
  2 gnoll sergeants
  3 scorpions
  5 killer bees (D:8)
  4 wights
  6 howler monkeys
  A centaur zombie (D:8)
  2 quasits
  A jelly (D:11)
  2 bullfrog skeletons
  2 centaur skeletons
  6 hounds
  3 orc wizards
  Jessica (D:2)
  2 iguanas
  5 worker ants
  A killer bee zombie (D:8)
  A hound zombie (D:6)
  2 hound skeletons
  A worker ant zombie (D:11)
  4 gnolls
  7 adders
  2 shadow imps
  4 white imps
  3 ufetubi
  5 oozes
  2 adder skeletons (D:6)
  5 worms
  A dart slug (D:2)
  3 leopard geckos
  17 orcs
  13 bats
  7 giant cockroaches
  10 goblins
  9 hobgoblins
  11 jackals
  3 quokkas
  5 ball pythons
  A ball python skeleton (D:5)
  A frilled lizard (D:4)
  A giant cockroach zombie (D:5)
  A jackal skeleton (D:5)
  28 kobolds
  2 quokka skeletons (D:6)
  3 quokka zombies
  18 rats
  A spectral orc (D:3)
254 creatures vanquished.

Vanquished Creatures (collateral kills)
  An orc wizard (D:9)
1 creature vanquished.

Grand Total: 255 creatures vanquished

Notes
Turn   | Place    | Note
-------+----------+-------------------------------------------
     0 | D:1      | Gadfly the Ogre Monk began the quest for the Orb.
     0 | D:1      | Reached XP level 1. HP: 24/24 MP: 1/1
    52 | D:1      | Reached XP level 2. HP: 19/32 MP: 2/2
   398 | D:1      | Reached skill level 1 in Invocations
   696 | D:1      | Reached XP level 3. HP: 39/39 MP: 3/3
   707 | D:1      | Reached skill level 1 in Throwing
   815 | D:2      | Found an iron altar of Okawaru.
  1038 | D:2      | Became a worshipper of Warmaster Okawaru
  1038 | D:2      | Reached * piety under Okawaru
  1038 | D:2      | Reached ** piety under Okawaru
  1113 | D:2      | Reached skill level 1 in Armour
  1113 | D:2      | Reached skill level 1 in Evocations
  1463 | D:2      | Reached XP level 4. HP: 48/48 MP: 5/5
  2322 | D:2      | Noticed Jessica
  2346 | D:2      | Killed Jessica
  2347 | D:2      | Reached XP level 5. HP: 16/54 MP: 2/6
  3504 | D:3      | Found a basalt altar of Yredelemnul.
  3793 | D:3      | Reached XP level 6. HP: 58/62 MP: 6/8
  5102 | D:4      | HP: 3/62 [something/magic dart (4)]
  5267 | D:4      | Reached XP level 7. HP: 37/70 MP: 5/9
  5575 | D:4      | Found a white marble altar of Elyvilon.
  5767 | D:4      | Found a glowing golden altar of the Shining One.
  5909 | D:5      | Entered Level 5 of the Dungeon
  5909 | D:5      | Found Lizuocz Urghe's Jewellery Shoppe.
  6003 | D:5      | Found a staircase to the Ecumenical Temple.
  6149 | D:5      | Found Rufoi's Gadget Shoppe.
  6179 | D:5      | Reached *** piety under Okawaru
  6225 | D:5      | Got a bloodstained short sword
  6251 | D:5      | Found Ribiq's General Store.
  6258 | D:5      | Bought a scroll of fear for 35 gold pieces
  7036 | D:4      | Found a broken altar of Ashenzari.
  7073 | D:5      | Found the +2 cloak of the Thief {*Fog Slay-2 SInv Stlth+}
  7517 | D:5      | Reached XP level 8. HP: 67/78 MP: 8/10
  7606 | D:5      | Found Noxeil's Weapon Boutique.
  7698 | D:5      | Identified the cursed +1 short sword "Wixkoqu" {vorpal,
                  | rPois MP-9 Str+6 Stlth+} (You found it on level 5 of the
                  | Dungeon)
  7780 | D:5      | Noticed a moth of wrath
  7783 | D:5      | Found a bloodstained altar of Trog.
  7883 | D:5      | Found Ofilac's Jewellery Boutique.
  7964 | D:6      | Found a sparkling altar of Nemelex Xobeh.
  7977 | D:6      | Found a glowing drain.
  7986 | Sewer    | Entered a sewer
  9294 | D:6      | Found a sparkling altar of Nemelex Xobeh.
 10383 | D:5      | HP: 1/79 [orc warrior/+0 falchion (18)]
 10385 | D:5      | Reached skill level 5 in Maces & Flails
 10385 | D:5      | Reached skill level 5 in Throwing
 10385 | D:5      | Reached XP level 9. HP: 1/85 MP: 1/12
 11762 | D:7      | Reached skill level 5 in Fighting
 11888 | D:7      | Reached **** piety under Okawaru
 11958 | D:7      | Noticed Menkaure
 11968 | D:7      | Killed Menkaure
 13125 | D:8      | Found a burning altar of Makhleb.
 13660 | D:8      | Reached skill level 5 in Invocations
 13664 | D:8      | Reached skill level 5 in Evocations
 14217 | D:8      | Found Qaxi's Antique Weapon Shop.
 14255 | D:8      | Found a shimmering altar of Xom.
 14396 | D:8      | Reached XP level 10. HP: 102/102 MP: 15/15
 15138 | D:9      | Noticed a six-headed hydra
 16399 | D:9      | Reached XP level 11. HP: 65/109 MP: 16/16
 16589 | D:9      | Killed a six-headed hydra
 16753 | D:10     | Entered Level 10 of the Dungeon
 17162 | D:10     | Found a staircase to the Orcish Mines.
 17570 | D:10     | Reached ***** piety under Okawaru
 17775 | D:8      | Bought a glowing flail for 195 gold pieces
 17913 | D:11     | Noticed a death yak
 17916 | D:11     | Noticed a death yak
 17919 | D:11     | Noticed a death yak
 18322 | D:11     | Found an opulent altar of Gozag.
 18855 | D:11     | Found a staircase to the Lair.
 18857 | D:11     | Noticed a phantasmal warrior
 18877 | D:11     | HP: 5/109 [phantasmal warrior[a death knight] (12)]
 18903 | D:11     | Noticed a cyclops
 19187 | D:11     | Noticed a death knight
 19299 | D:9      | Killed a death yak
 19299 | D:9      | Received a gift from Okawaru
 19811 | D:10     | HP: 7/165 [death yak (3)]
 19814 | D:10     | Slain by a death yak

Illustrated notes

Levels and vault maps discovered:
D:1:      wander_arrival_lonely_grave, layout_basic
D:2:      minmay_door_path, layout_loops_ring, okawaru_trees_1, hex_tiny,
          uniq_jessica
D:3:      layout_loops_cross, yredelemnul_forgotten_temple_becter,
          minmay_joined_circles
D:4:      layout_loops_cross, kennysheep_mini_moat, tso_metal_star,
          lemuel_statue_altar
D:5:      layout_cave_pools, tgw_trog, minmay_temple_entry_glassed_door,
          serial_shops, shop, kennysheep_little_box, shop_statue,
          kennysheep_mini, shop
D:6:      layout_layer_cave, nemelex_xobeh_ov_fountains_minmay,
          cheibrodos_sewer_entry_sluice, basic_altar, serial_bayou_pond_e,
          sword_in_stone
D:7:      layout_gridville, uniq_menkaure
D:8:      layout_gridville, makhleb_blood_cavern_becter, serial_shops, shop,
          tgw_xom
D:9:      layout_layer_cave
D:10:     layout_gridville, david_orc_2
D:11:     layout_basic, dpeg_lair_monsters, serial_curves, eino_curves_03,
          eino_curves_01, lemuel_altar_in_water

Skill      XL: |  1  2  3  4  5  6  7  8  9 |
---------------+----------------------------+-----
Invocations    | 1 2 3 4 7 |  7.6
Throwing       | 1 2 3 5 7 |  7.9
Armour         | 1 2 3 4 6 |  6.8
Evocations     | 1 2 3 4 6 |  6.9
Maces & Flails | 3 4 5 7 |  7.9
Fighting       | 7 |  7.7
Dodging        | |  2.6
Stealth        | |  1.4

Action                   |  1- 3 |  4- 6 |  7- 9 | 10-12 || total
-------------------------+-------+-------+-------+-------++-------
Melee: Mace              |   107 |    11 |       |       ||   118
       Flail             |       |   233 |    19 |    21 ||   273
       Dagger            |       |     6 |   372 |   108 ||   486
       Morningstar       |       |       |   206 |   147 ||   353
Throw: Stone             |     4 |    38 |    48 |       ||    90
       Throwing net      |       |       |     3 |     1 ||     4
       Boomerang         |       |       |    10 |    21 ||    31
       Large rock        |       |       |       |     6 ||     6
Invok: Heroism           |       |     1 |       |     4 ||     5
Evoke: Wand              |       |       |     1 |    14 ||    15
  Use: Scroll            |     5 |     9 |     7 |     8 ||    29
       Potion            |       |     5 |     5 |     8 ||    18
 Stab: Sleeping          |     2 |     2 |     4 |     1 ||     9
       Distracted        |       |       |     1 |       ||     1
       Paralysed         |       |       |     2 |       ||     2
Armor: Robe              |    42 |    82 |   303 |   130 ||   557
       Skin              |       |       |    61 |    33 ||    94
Dodge: Dodged            |    85 |   161 |   373 |   160 ||   779
